 Dungeon Crawl Stone Soup version 0.23.0 (webtiles) character file.

Game seed: 4180292669951401383

47 inmateoo the Sneak (level 3, -3/16 HPs)
             Began as a Felid Warper on Feb 12, 2019.
             Slain by an orc (4 damage)
             ... on level 3 of the Dungeon.
             The game lasted 00:03:47 (3205 turns).

inmateoo the Sneak (Felid Warper)                   Turns: 3205, Time: 00:03:48

Health: -3/16      AC:  1    Str:  7    XL:     3   Next: 48%
Magic:  6/7        EV: 18    Int: 15    God:
Gold:   148        SH:  0    Dex: 15    Spells: 0/6 levels left
                                        Lives:  0   Deaths: 1

rFire    . . .     SeeInvis +     - Unarmed
rCold    . . .     Gourm    .   (shield unavailable)
rNeg     . . .     Faith    .   (armour unavailable)
rPois    .         Spirit   .   (helmet unavailable)
rElec    .         Reflect  .   (cloak unavailable)
rCorr    .         Harm     .   (gloves unavailable)
MR       .....                  (boots unavailable)
Stlth    ++++......             (no amulet)
HPRegen  0.05/turn              (no ring)
MPRegen  0.10/turn              (no ring)

@: shrouded (expiring), quick
A: very small, no armour, no weapons or thrown items, stealth, claws 1, fangs 3,
see invisible, carnivore, speed 1, shaggy fur 1, slow metabolism 1, sharp paws
a: no special abilities


You were on level 3 of the Dungeon.
You were not hungry.

You visited 1 branch of the dungeon, and saw 3 of its levels.

You collected 148 gold pieces.

Inventory:

Scrolls
 a - a scroll of remove curse
 b - a scroll of blinking
 d - 5 scrolls of identify
 f - 2 scrolls of teleportation
 i - a scroll of magic mapping
Comestibles
 c - a ration


   Skills:
 - Level 2.0 Fighting
 - Level 3.2 Dodging
 + Level 6.1 Stealth
 - Level 2.0 Unarmed Combat
 - Level 2.0 Spellcasting
 - Level 4.4 Translocations


You couldn't memorise any spells.
You knew the following spells:

 Your Spells              Type           Power        Failure   Level  Hunger
a - Blink                 Tloc           N/A          5%          2    ###....
b - Shroud of Golubria    Chrm/Tloc      #.........   14%         2    ###....
c - Lesser Beckoning      Tloc           ##........   11%         3    ###....

Your spell library contained the following spells:

 Spells                   Type           Power        Failure   Level  Hunger
 Gell's Gravitas          Tloc           ##........   11%         3    ###....
 Teleport Other           Tloc           ##......     11%         3    ###....
 Passage of Golubria      Tloc           N/A          36%         4    #####..


Dungeon Overview and Level Annotations

Branches:
Dungeon (3/15)

Altars:


Innate Abilities, Weirdness & Mutations

You cannot wear armour.
You are incapable of wielding weapons or throwing items.
Your paws allow you to move quietly. (Stealth)
You have sharp claws.
You have razor-sharp teeth.
You have supernaturally acute eyesight. (SInv)
You are carnivorous and can eat meat at any time.
You cover ground quickly.
You are covered in fur. (AC +1)
You have a slow metabolism.
Your sharp claws are effective at attacking unaware monsters.


Message History

You closely miss the orc.
The orc is heavily wounded.
Unknown command.
You barely miss the orc wizard.
The orc wizard is severely wounded.
Your shroud begins to fray at the edges.
Unknown command.
You barely miss the orc wizard. Your bite misses the orc wizard.
The orc wizard is severely wounded.
The orc closely misses you.
The orc wizard points at you and mumbles some strange words.
The magic dart hits you.
Unknown command.
You scratch the orc wizard but do no damage.
The orc wizard is severely wounded.
The orc wizard points at you and mumbles some strange words.
The magic dart hits you!
* * * LOW HITPOINT WARNING * * *
The orc hits you.
You die...

#######...##..............
...)......##.........!....
#######...##............
#>................
#.###.##........# #.
#.##........##
#.###.#.....o....#######
#.....+..###o###........
#.###.#..#.o@o.#........
#.##.#.....#........
#.##.....>..........
###.##.#.....#........
#......#.....#........
#......###.###...<....
#........†............
#......†##.#..........
###.######............


You could see an orc wizard (invisible) and 3 orcs.

Vanquished Creatures
  2 adders
  2 oozes
  2 worms
  3 dart slugs (D:2)
  3 leopard geckos (D:1)
  3 orcs (D:3)
  A ball python (D:2)
  3 bats (D:2)
  3 giant cockroaches
  7 goblins
  4 hobgoblins
  2 jackals (D:2)
  5 kobolds
  A quokka (D:3)
  4 frilled lizards
  8 rats
53 creatures vanquished.

Notes
Turn   | Place    | Note
-------+----------+-------------------------------------------
     0 | D:1      | inmateoo the Felid Warper began the quest for the Orb.
     0 | D:1      | Reached XP level 1. HP: 9/9 MP: 4/4
    38 | D:1      | Reached skill level 1 in Stealth
   167 | D:1      | Reached skill level 2 in Stealth
   843 | D:1      | Reached XP level 2. HP: 13/13 MP: 6/6
  1189 | D:1      | Reached skill level 3 in Stealth
  1373 | D:1      | Learned a level 2 spell: Blink
  1376 | D:1      | Learned a level 2 spell: Shroud of Golubria
  1491 | D:1      | Reached skill level 4 in Stealth
  1634 | D:2      | Reached XP level 3. HP: 11/16 MP: 7/7
  2020 | D:2      | Reached skill level 5 in Stealth
  2404 | D:2      | Reached XP level 4. HP: 19/19 MP: 8/8
  2557 | D:2      | Found a faded altar of an unknown god.
  2722 | D:3      | Learned a level 3 spell: Lesser Beckoning
  3014 | D:3      | Succumbed to an adder's poison
  3015 | D:3      | Reached XP level 3. HP: 0/16 MP: 7/7
  3059 | D:3      | Reached skill level 6 in Stealth
  3205 | D:3      | Slain by an orc

Skill      XL: |  1  2  3 |
---------------+----------+-----
Stealth        | 2 4 6 |  6.1
Fighting       | |  2.0
Dodging        | |  3.2
Unarmed Combat | |  2.0
Spellcasting   | |  2.0
Translocations | |  4.4

Action                   |  1- 3 |  4- 6 || total
-------------------------+-------+-------++-------
Melee: Unarmed           |   164 |    34 ||   198
       Bite              |    14 |     2 ||    16
       Punch             |     4 |       ||     4
 Cast: Shroud of Golubri |     3 |     2 ||     5
       Lesser Beckoning  |       |     1 ||     1
  Use: Scroll            |     6 |       ||     6
       Potion            |     1 |     1 ||     2
 Stab: Sleeping          |    10 |     4 ||    14
  Eat: Chunk             |    10 |     2 ||    12
Armor: Skin              |     4 |       ||     4
Dodge: Dodged            |   128 |    20 ||   148
